[Event "Titled Tuesday Blitz June 14 Late 2022"]
[White "Lewtak, Damian"]
[Black "Kubatko, Ivan"]
[WhiteFideId "1141724"]
[BlackFideId "24111473"]
[WhiteElo "2379"]
[BlackElo "2285"]
[Result "1-0"]
[Round "03"]
[TimeControl "180+1"]
[Date "2022.06.15"]
[WhiteClock "0:00:05"]
[BlackClock "0:00:03"]

1. d4 d5 2. Bf4 c5 3. e3 Nc6 4. c3 Nf6 5. Nd2 g6 6. h4 Bg7 7. Be2 h5 8. Ngf3 Bg4 9. Ne5 Nxe5 10. Bxe5 Bxe2 11. Qxe2 Qb6 12. O-O-O O-O-O 13. c4 Ne8 14. cxd5 Rxd5 15. Nc4 Qc6 16. Kb1 b5 17. Na5 Qa6 18. Qf3 e6 19. Nb3 Bxe5 20. dxe5 c4 21. Rxd5 exd5 22. Nd4 Nc7 23. Qxf7 b4 24. e6 c3 25. Qxg6 Kb8 26. Rc1 Re8 27. bxc3 bxc3 28. Rxc3 Rc8 29. Qf7 Ka8 30. Nb3 Qf1+ 31. Kb2 Qe2+ 32. Rc2 Qb5 33. Rxc7 Qe2+ 34. Ka3 Qa6+ 35. Kb4 Qb6+ 36. Ka4 Rxc7 37. Qe8+ Kb7 38. Qb5 a6 39. Qxb6+ Kxb6 40. Nd4 Kc5 41. Kb3 Rb7+ 42. Kc3 Kd6 43. f4 Rc7+ 44. Kd3 Ke7 45. f5 Kf6 46. e4 Ke5 47. exd5 Kxd5 48. Ke3 Ke5 49. g3 Rc3+ 50. Kd2 Kxd4 51. e7 Re3 52. f6 Rd3+ 53. Ke2 Re3+ 54. Kf2 Re6 55. Kg2 Re2+ 56. Kh3 1-0


[Site "https://www.chess.com"]

[Event "Titled Tuesday Blitz June 14 Late 2022"]
[White "Marin Ramirez, Gerardo"]
[Black "Pesotskiy, Mikhail"]
[WhiteFideId "3901068"]
[BlackFideId "34164453"]
[WhiteElo "1920"]
[BlackElo "2010"]
[Result "1/2-1/2"]
[Round "03"]
[TimeControl "180+1"]
[Date "2022.06.15"]
[WhiteClock "0:00:00"]
[BlackClock "0:00:05"]

1. d4 Nf6 2. Nf3 e6 3. c4 c5 4. g3 cxd4 5. Nxd4 Nc6 6. Bg2 Bc5 7. Nc2 d5 8. cxd5 Nxd5 9. O-O O-O 10. e4 Nb6 11. Qe2 e5 12. Rd1 Qe7 13. Nc3 Nd4 14. Nxd4 exd4 15. Nb5 Rd8 16. b4 Bxb4 17. Nxd4 Bc3 18. Bb2 Bxb2 19. Qxb2 Be6 20. Nf5 Bxf5 21. exf5 h6 22. Re1 Qd7 23. f6 Re8 24. fxg7 Rxe1+ 25. Rxe1 Re8 26. Rxe8+ Qxe8 27. Bxb7 Qe7 28. Bf3 Nc4 29. Qd4 Ne5 30. Bd5 Qf6 31. Qxa7 Kxg7 32. Kg2 Ng4 33. h3 Ne5 34. Qd4 Kf8 35. f4 Nd7 36. Qxf6 Nxf6 37. Bc6 Ke7 38. a4 Kd6 39. Bf3 Kc5 40. g4 Nh7 41. Be4 Nf8 42. Bc2 Ne6 43. Kg3 Nd4 44. Bd1 Ne6 45. h4 f6 46. g5 fxg5 47. fxg5 hxg5 48. h5 Kd6 49. Kg4 Ke5 50. h6 Kf6 51. Bc2 Nd4 52. a5 Nxc2 53. a6 Ne3+ 54. Kh5 Nd5 55. a7 Nc7 56. h7 Kg7 57. Kxg5 Kxh7 58. Kf6 Kg8 59. Ke7 Kg7 60. Kd7 Na8 61. Kc6 Kf7 62. Kb7 Ke7 63. Kb8 Kd7 64. Kxa8 Kc8 1/2-1/2


[Site "https://www.chess.com"]

[Event "Titled Tuesday Blitz June 14 Late 2022"]
[White "Martinez Alcantara, Jose Eduardo"]
[Black "Hnydiuk, Aleksander"]
[WhiteFideId "3805662"]
[BlackFideId "1109057"]
[WhiteElo "2703"]
[BlackElo "2374"]
[Result "1-0"]
[Round "03"]
[TimeControl "180+1"]
[Date "2022.06.14"]
[WhiteClock "0:00:46"]
[BlackClock "0:00:54"]

1. e4 c5 2. Nf3 e6 3. c3 d5 4. exd5 Qxd5 5. d4 Nf6 6. Be3 cxd4 7. cxd4 Bb4+ 8. Nc3 O-O 9. Bd3 Bd7 10. Qe2 Ne4 11. O-O Nxc3 12. bxc3 Bxc3 13. Rab1 Ba5 14. Ne5 Bc6 15. Nxc6 Nxc6 16. Rb5 Qd7 17. Qg4 f5 18. Qe2 Bb6 19. d5 Ne5 20. Bc2 Bxe3 21. dxe6 Bxf2+ 22. Rxf2 Qd4 23. Qxe5 1-0


[Site "https://www.chess.com"]

[Event "Titled Tuesday Blitz June 14 Late 2022"]
[White "McNeill, Gordon"]
[Black "Bilych, Olexiy"]
[WhiteFideId "30920760"]
[BlackFideId "14156504"]
[WhiteElo "2258"]
[BlackElo "2189"]
[Result "0-1"]
[Round "03"]
[TimeControl "180+1"]
[Date "2022.06.14"]
[WhiteClock "0:00:11"]
[BlackClock "0:00:11"]

1. e4 e5 2. Nf3 Nc6 3. Bb5 a6 4. Ba4 Nf6 5. O-O Be7 6. Re1 b5 7. Bb3 O-O 8. c3 d5 9. exd5 Nxd5 10. Nxe5 Nxe5 11. Rxe5 c6 12. d3 Bd6 13. Re1 Qh4 14. g3 Qh3 15. Re4 Nf6 16. Rh4 Qf5 17. Nd2 g5 18. Rh6 Ng4 19. Ne4 Nxh6 20. Nxd6 Qg6 21. Ne4 Bf5 22. Nxg5 Bxd3 23. Qf3 Rae8 24. Be3 Re5 25. h4 Rfe8 26. Rd1 Bf5 27. h5 Qg7 28. Bf4 Bg4 29. Bxe5 Qxg5 30. Bf4 Qxh5 31. Qxc6 Rc8 32. Qb7 Rf8 33. Re1 Bf3 34. Qxf3 Qxf3 35. Bxh6 Rd8 36. Bf4 h5 37. Bd1 Rxd1 38. Rxd1 Qxd1+ 39. Kg2 Qd5+ 40. Kh3 Qxa2 41. Kh4 Qxb2 42. Kxh5 Qxc3 43. Kg5 Qc4 44. Be3 b4 45. Kf6 b3 46. g4 b2 47. g5 b1=Q 48. g6 Qxg6+ 0-1


[Site "https://www.chess.com"]

[Event "Titled Tuesday Blitz June 14 Late 2022"]
[White "Mekhitarian, Krikor Sevag"]
[Black "Wachinger, Guenther"]
[WhiteFideId "2107660"]
[BlackFideId "4604261"]
[WhiteElo "2611"]
[BlackElo "2212"]
[Result "0-1"]
[Round "03"]
[TimeControl "180+1"]
[Date "2022.06.14"]
[WhiteClock "0:00:01"]
[BlackClock "0:00:02"]

1. d4 d5 2. Nf3 e6 3. g3 Nf6 4. Bg2 Be7 5. O-O O-O 6. b3 c6 7. c4 b6 8. Nbd2 Bb7 9. Bb2 Nbd7 10. Rc1 Rc8 11. Re1 c5 12. cxd5 Nxd5 13. dxc5 Nxc5 14. Nc4 Nb4 15. Ra1 Qxd1 16. Rexd1 Rfd8 17. Nfe5 Bxg2 18. Kxg2 Rxd1 19. Rxd1 Nxa2 20. Ba3 Nc3 21. Re1 Bf6 22. Bxc5 Rxc5 23. Nd3 Rc8 24. Nd6 Rd8 25. Nc4 h6 26. Kf3 b5 27. Na5 Nd5 28. Nc6 Rd7 29. Rd1 Rc7 30. Na5 Bc3 31. e4 Bxa5 32. exd5 exd5 33. Nf4 Rc3+ 34. Kg4 Rxb3 35. Rxd5 Bb6 36. Rd7 Rc3 37. Nd5 Rc4+ 38. Kf5 Rc5 39. Ke4 Rc4+ 40. Kf5 g6+ 41. Kf6 Rc6+ 42. Ke5 Re6+ 43. Kf4 b4 44. Rb7 b3 45. Rb8+ Kg7 0-1


[Site "https://www.chess.com"]

[Event "Titled Tuesday Blitz June 14 Late 2022"]
[White "Meshkovs, Nikita"]
[Black "Moon, Benjamin"]
[WhiteFideId "11602740"]
[BlackFideId "2064847"]
[WhiteElo "2506"]
[BlackElo "2563"]
[Result "1-0"]
[Round "03"]
[TimeControl "180+1"]
[Date "2022.06.14"]
[WhiteClock "0:00:16"]
[BlackClock "0:00:03"]

1. Nf3 d5 2. d4 e6 3. c4 c5 4. cxd5 exd5 5. g3 Nc6 6. Bg2 Nf6 7. O-O Be7 8. Nc3 O-O 9. Bg5 c4 10. e3 Be6 11. Ne5 h6 12. Bxf6 Bxf6 13. Nxc6 bxc6 14. b3 Rc8 15. bxc4 dxc4 16. Rc1 Qa5 17. Qa4 Qxa4 18. Nxa4 Be7 19. Rc2 Rfd8 20. Rd1 Ba3 21. Bf3 Rc7 22. Kg2 Kf8 23. g4 g5 24. Rb1 c5 25. d5 Bxd5 26. Bxd5 Rxd5 27. Rxc4 Rd2 28. Rb8+ Kg7 29. Rb3 Rxa2 30. Nc3 Rc2 31. Rxa3 Rd7 32. Raa4 Rb2 33. Rxc5 Rc2 34. Ne4 Rb2 35. h3 Re7 36. Ng3 Rd7 37. Nf5+ Kg6 38. Ra6+ f6 39. Rcc6 Rdd2 40. Rxf6+ Kh7 41. Rf7+ Kg8 42. Rg7+ Kf8 43. Rf6+ Ke8 44. Re7+ Kd8 45. Rf8# 1-0


[Site "https://www.chess.com"]

[Event "Titled Tuesday Blitz June 14 Late 2022"]
[White "Mikhailov, Viacheslav"]
[Black "Beulen, Marcel"]
[WhiteFideId "4187369"]
[BlackFideId "1001450"]
[WhiteElo "2381"]
[BlackElo "2378"]
[Result "1-0"]
[Round "03"]
[TimeControl "180+1"]
[Date "2022.06.14"]
[WhiteClock "0:00:26"]
[BlackClock "0:00:04"]

1. Nf3 d5 2. g3 Nf6 3. Bg2 c6 4. O-O Bg4 5. c4 e6 6. d4 Nbd7 7. Nc3 Bd6 8. Qb3 Rb8 9. h3 Bxf3 10. Bxf3 O-O 11. Rd1 Re8 12. e4 dxe4 13. Nxe4 Nxe4 14. Bxe4 Qf6 15. h4 h6 16. Bc2 a6 17. Be3 b5 18. c5 Bc7 19. Qd3 Nf8 20. Qe4 e5 21. d5 cxd5 22. Rxd5 Rbd8 23. Rad1 Rxd5 24. Rxd5 Rd8 25. b4 a5 26. a3 axb4 27. axb4 Ne6 28. Qh7+ Kf8 29. Be4 Nd4 30. Kg2 Rxd5 31. Bxd5 Ke7 32. Qg8 Nc2 33. Bd2 e4 34. Qc8 Qf3+ 35. Kg1 Bxg3 36. Qb7+ Kf8 37. Qa8+ Ke7 38. Qa7+ Kf8 39. c6 e3 40. Bxf3 1-0


[Site "https://www.chess.com"]

[Event "Titled Tuesday Blitz June 14 Late 2022"]
[White "Moroni, Luca Jr"]
[Black "Ozates, Tuna"]
[WhiteFideId "865834"]
[BlackFideId "6354521"]
[WhiteElo "2573"]
[BlackElo "1887"]
[Result "1-0"]
[Round "03"]
[TimeControl "180+1"]
[Date "2022.06.15"]
[WhiteClock "0:01:33"]
[BlackClock "0:00:52"]

1. c4 c6 2. Nf3 d5 3. b3 Nf6 4. Bb2 Bg4 5. e3 Nbd7 6. Be2 e6 7. d3 Bd6 8. Nbd2 Qb8 9. h3 Bh5 10. O-O O-O 11. a3 a6 12. b4 b5 13. cxd5 cxd5 14. Nb3 Ne5 15. Nxe5 Bxe2 16. Qxe2 Bxe5 17. Bxe5 Qxe5 18. Rac1 Rfc8 19. Qd2 Qd6 20. Rxc8+ Rxc8 21. Rc1 Rc6 22. Na5 Rc7 23. Qb2 Nd7 24. Rc2 Kf8 25. Qc1 Rxc2 26. Qxc2 Nb6 27. Qc3 f6 28. Nb7 Qe7 29. Qc6 Nd7 30. Nd6 g6 31. Qxa6 Ne5 32. d4 Nc4 33. Qc8+ Kg7 34. Nxb5 e5 35. Qc5 Qd7 36. a4 Nb2 37. a5 Nd3 38. Qc7 Qxc7 39. Nxc7 Nxb4 40. dxe5 fxe5 41. a6 Nc6 42. Nxd5 Kf7 43. g4 Na7 44. Kg2 Ke6 45. Nc3 Kd6 46. Ne4+ Kc6 47. Nf6 h6 48. Ng8 h5 49. Ne7+ Kb6 50. Nxg6 hxg4 51. h4 Kxa6 52. h5 Kb7 53. h6 1-0


[Site "https://www.chess.com"]

[Event "Titled Tuesday Blitz June 14 Late 2022"]
[White "OKEKE, Isaac Chukwudalu"]
[Black "Wartiovaara, Oliver"]
[WhiteFideId "8508526"]
[BlackFideId "513024"]
[WhiteElo "2102"]
[BlackElo "1971"]
[Result "1-0"]
[Round "03"]
[TimeControl "180+1"]
[Date "2022.06.15"]
[WhiteClock "0:00:12"]
[BlackClock "0:00:01"]

1. e4 c5 2. Nf3 d6 3. d4 cxd4 4. Nxd4 Nf6 5. Nc3 a6 6. Bg5 e6 7. Qf3 Be7 8. O-O-O Qc7 9. g4 Nbd7 10. Qg3 h6 11. Be3 b5 12. a3 Rb8 13. f4 b4 14. axb4 Rxb4 15. Be2 Bb7 16. Bf3 Nc5 17. Qg2 Qa5 18. Kb1 d5 19. exd5 exd5 20. Nf5 Nce4 21. Nxe4 dxe4 22. Be2 Ra4 23. c3 Ra1+ 24. Kc2 Qa4+ 25. Kd2 Rxd1+ 26. Bxd1 Qb5 27. Kc1 Kf8 28. Nxe7 Kxe7 29. g5 hxg5 30. fxg5 Nd7 31. Qf2 Ne5 32. Bc2 Nd3+ 33. Bxd3 exd3 34. Re1 Kf8 35. Bc5+ Kg8 36. g6 fxg6 37. Re7 Bd5 38. Re5 Rh5 39. Qf8+ Kh7 40. Rxh5+ gxh5 41. Bd4 Qd7 42. Qf4 Be6 43. Kd2 Bg4 44. Qe4+ Qf5 45. Qe3 Qf3 46. Qxf3 Bxf3 47. Kxd3 Bg4 48. c4 Bc8 49. Kc3 g5 50. Kb4 g4 51. Kc5 Kg6 52. Kb6 Kf5 53. Bf2 Ke4 54. c5 Kf3 55. Bg3 Kg2 56. Kc7 Be6 57. c6 h4 58. Bxh4 Kxh2 59. Kd6 Bf5 60. Bf6 g3 61. Be5 Kh3 62. c7 g2 63. Bd4 Kh2 64. Kc6 Bc8 65. Kb6 g1=Q 66. Bxg1+ Kxg1 67. Ka7 a5 68. Kb8 Be6 69. c8=Q Bxc8 70. Kxc8 Kf2 71. Kb7 Ke3 72. Ka6 a4 73. Ka5 1-0


[Site "https://www.chess.com"]

[Event "Titled Tuesday Blitz June 14 Late 2022"]
[White "Oparin, Grigoriy"]
[Black "Tanenbaum, Zachary"]
[WhiteFideId "24125890"]
[BlackFideId "2060850"]
[WhiteElo "2639"]
[BlackElo "2175"]
[Result "1-0"]
[Round "03"]
[TimeControl "180+1"]
[Date "2022.06.14"]
[WhiteClock "0:00:50"]
[BlackClock "0:00:01"]

1. f4 d5 2. Nf3 Nf6 3. e3 Bf5 4. b3 e6 5. Bb2 Bd6 6. d3 Nbd7 7. Nbd2 c5 8. Qe2 Bg6 9. g3 Qe7 10. e4 e5 11. O-O-O Bh5 12. exd5 exf4 13. Qf2 Ng4 14. Qg1 Ne3 15. Re1 O-O 16. gxf4 f6 17. Rxe3 Qd8 18. Re4 Bg6 19. Qg3 Qc7 20. Rg1 Nb6 21. Kb1 Bxe4 22. Nxe4 Bxf4 23. Qh3 Kh8 24. Qf5 Nd7 25. Bh3 Rad8 26. Qh5 Bh6 27. Bxd7 Qxd7 28. Nxf6 gxf6 29. Qxh6 Qf7 30. Ne5 Qe7 31. Ng6+ 1-0


[Site "https://www.chess.com"]

[Event "Titled Tuesday Blitz June 14 Late 2022"]
[White "Oro, Luis"]
[Black "Sowa, Ryan"]
[WhiteFideId "104094"]
[BlackFideId "30901693"]
[WhiteElo "2383"]
[BlackElo "2561"]
[Result "0-1"]
[Round "03"]
[TimeControl "180+1"]
[Date "2022.06.15"]
[WhiteClock "0:00:05"]
[BlackClock "0:00:21"]

1. e4 d6 2. d4 Nf6 3. Nc3 c6 4. f4 Qa5 5. Bd3 e5 6. dxe5 dxe5 7. Nf3 Bg4 8. O-O Nbd7 9. h3 Bxf3 10. Qxf3 Bb4 11. Ne2 O-O 12. c3 Bd6 13. f5 Qb6+ 14. Kh2 Nc5 15. Bc2 Qb5 16. Rd1 Rfd8 17. Bg5 Be7 18. b4 Na4 19. Bb3 a5 20. a3 axb4 21. axb4 Nb6 22. Rxd8+ Rxd8 23. Ra5 Qd3 24. Qxd3 Rxd3 25. Ra7 Rd7 26. Bxf6 Bxf6 27. Kg3 g6 28. fxg6 hxg6 29. Kf3 Kg7 30. g3 Nc8 31. Ra2 Bg5 32. Bc4 Nd6 33. Bd3 Ne8 34. Bc4 Nd6 35. Bd3 Bh6 36. h4 Nf5 37. exf5 Rxd3+ 38. Kg4 e4 39. fxg6 Kxg6 40. Nf4+ Bxf4 41. Kxf4 f5 42. Rc2 Rf3+ 43. Ke5 Rxg3 44. h5+ Kg5 45. Rf2 Rf3 46. Rh2 Kh6 47. Kf6 e3 48. Ke5 Rf2 49. Rh1 e2 50. Re1 Kxh5 51. Kd4 f4 52. Kd3 f3 53. Ke3 Rf1 0-1


[Site "https://www.chess.com"]

[Event "Titled Tuesday Blitz June 14 Late 2022"]
[White "Papp, Levente"]
[Black "Sadhwani, Raunak"]
[WhiteFideId "751243"]
[BlackFideId "35093487"]
[WhiteElo "2308"]
[BlackElo "2616"]
[Result "0-1"]
[Round "03"]
[TimeControl "180+1"]
[Date "2022.06.14"]
[WhiteClock "0:00:01"]
[BlackClock "0:01:53"]

1. c4 Nf6 2. Nc3 g6 3. g3 c5 4. Bg2 Bg7 5. e3 O-O 6. Nge2 e6 7. d4 d6 8. O-O Qe7 9. b3 Rd8 10. Bb2 Nc6 11. d5 exd5 12. cxd5 Ne5 13. Qc2 a6 14. a4 b6 15. h3 Rb8 16. f4 Ned7 17. e4 b5 18. axb5 axb5 19. Ra7 b4 20. Nb1 Rb7 21. Ra2 Nb6 22. Nd2 Nfxd5 23. Bxg7 Kxg7 24. Qb2+ Kg8 25. exd5 Qxe2 26. Qf6 Qe7 27. Qxe7 Rxe7 28. Ne4 Bf5 29. Ra6 Bxe4 30. Rxb6 Bc2 31. Rf3 Re1+ 32. Bf1 Rb1 33. Kf2 Bxb3 34. Bb5 Bxd5 35. Re3 Rb2+ 36. Ke1 Ra8 37. Rd3 Ra1+ 0-1


[Site "https://www.chess.com"]

[Event "Titled Tuesday Blitz June 14 Late 2022"]
[White "Paravyan, David"]
[Black "Seo, Jung Min"]
[WhiteFideId "4194985"]
[BlackFideId "1734687"]
[WhiteElo "2569"]
[BlackElo "2414"]
[Result "1/2-1/2"]
[Round "03"]
[TimeControl "180+1"]
[Date "2022.06.14"]
[WhiteClock "0:00:09"]
[BlackClock "0:00:07"]

1. e4 e5 2. Nf3 Nf6 3. Nc3 Nc6 4. d4 exd4 5. Nxd4 Bb4 6. Nxc6 bxc6 7. Bd3 O-O 8. O-O d5 9. exd5 cxd5 10. h3 c6 11. Qf3 Nd7 12. Bf4 Re8 13. Rfe1 Nc5 14. Bf1 Ne4 15. Rad1 Bxc3 16. bxc3 Be6 17. c4 Qa5 18. cxd5 cxd5 19. c4 Qxa2 20. cxd5 Bxd5 21. Re2 Qb3 22. Rd3 Qb7 23. Qe3 Nf6 24. Qd4 Rxe2 25. Bxe2 Be6 26. Rg3 Ne8 27. Be5 f6 28. Bxf6 Nxf6 29. Qxf6 Qf7 30. Qe5 Rf8 31. Rf3 Qe8 32. Re3 Bf7 33. Qc7 Qb8 34. Re7 Qxc7 35. Rxc7 a5 36. Ra7 Re8 37. Bb5 Re1+ 38. Kh2 g6 39. Rxa5 Re5 40. Ra8+ Kg7 41. Bc6 Rc5 42. Be4 Bd5 43. Ra7+ Kh6 44. Bd3 Rc3 45. Bb5 Rc2 46. Kg3 Rc3+ 47. f3 Rc5 48. Bd3 Rc3 49. Be2 Rc2 50. Bf1 Rc1 51. Kf2 Rc2+ 52. Ke3 Rc1 53. Bd3 Re1+ 54. Kf2 Rd1 55. Ke3 Rg1 56. Ra5 Bg8 57. Kf2 Rd1 58. Be4 Rd2+ 59. Kg3 Kg7 60. h4 h5 61. Ra7+ Bf7 62. Rc7 Kf6 63. Rc6+ Kg7 64. Rc5 Kf6 65. f4 Rd6 66. f5 gxf5 67. Rxf5+ Kg7 68. Rg5+ Kh6 69. Re5 Bg6 70. Bf3 Rf6 71. Rc5 Rd6 72. Kf4 Rf6+ 73. Ke5 Rf5+ 74. Kd4 Rxc5 75. Kxc5 Kg7 76. Kd4 Kf6 77. Kd5 Bf7+ 78. Ke4 Bg6+ 79. Kf4 Bf7 80. Be4 Be8 81. Bd5 Bg6 82. Bc6 Bf7 83. Bb7 Be8 84. Be4 Bf7 85. Bf5 Be8 86. Bc2 Bf7 87. Bd3 Be8 88. Bc4 Bg6 89. Be2 Bf7 90. Ke4 Bg6+ 91. Kd5 Bf7+ 92. Kd6 Bg6 93. Kd7 Bf7 94. Bf3 Bg6 95. Kd6 Bf7 96. g3 Bg6 97. Bd5 Be8 98. Be6 Bg6 99. Bh3 Bf7 100. Kd7 Bg6 101. Kd8 Bf7 102. Bc8 Bg6 103. Bd7 Bf7 104. Be8 Bxe8 105. Kxe8 Ke6 106. Kf8 Kf6 107. Kg8 Kg6 108. Kf8 Kf6 109. Ke8 Ke6 110. Kd8 Kd6 111. Ke8 Ke6 1/2-1/2


[Site "https://www.chess.com"]

[Event "Titled Tuesday Blitz June 14 Late 2022"]
[White "Petrovic, Aleksa"]
[Black "Jobava, Baadur"]
[WhiteFideId "967629"]
[BlackFideId "13601520"]
[WhiteElo "2117"]
[BlackElo "2617"]
[Result "0-1"]
[Round "03"]
[TimeControl "180+1"]
[Date "2022.06.15"]
[WhiteClock "0:00:01"]
[BlackClock "0:01:17"]

1. d4 Nf6 2. Nc3 d5 3. Bf4 c5 4. e4 dxe4 5. d5 a6 6. a4 g6 7. Qe2 Bg7 8. O-O-O O-O 9. h4 b5 10. d6 e5 11. Bxe5 Nc6 12. Bxf6 Qxf6 13. Qxe4 b4 14. Qxc6 Be6 15. Qf3 bxc3 16. Qxf6 Bxf6 17. bxc3 Rfd8 18. Nf3 Bxc3 19. Ng5 Ba2 20. Rd3 Be5 21. Ra3 Bd5 22. Be2 Rab8 23. c3 Rxd6 24. Rd1 h6 25. Bf3 Bb3 26. Rxd6 Bxd6 27. Ne4 Bf4+ 28. Nd2 h5 29. g3 Bh6 30. Be2 Bd5 31. f4 Re8 32. Kd1 a5 33. Bf3 Be6 34. c4 Bg7 35. Re3 Rd8 36. Kc2 Bd4 37. Rd3 Rb8 38. Nb3 Bxc4 39. Rxd4 Bxb3+ 40. Kc3 cxd4+ 0-1


[Site "https://www.chess.com"]

[Event "Titled Tuesday Blitz June 14 Late 2022"]
[White "Pinheiro, Iung Alicio de O."]
[Black "Steinberg, Nitzan"]
[WhiteFideId "2104350"]
[BlackFideId "2801795"]
[WhiteElo "2283"]
[BlackElo "2471"]
[Result "1-0"]
[Round "03"]
[TimeControl "180+1"]
[Date "2022.06.14"]
[WhiteClock "0:00:17"]
[BlackClock "0:00:08"]

1. e4 g6 2. d4 Bg7 3. Nc3 d6 4. Be3 a6 5. Qd2 b5 6. h4 h5 7. f3 Nd7 8. Nh3 Bb7 9. Ng5 c5 10. a4 b4 11. Bc4 e6 12. Ne2 Ngf6 13. Nf4 cxd4 14. Bxd4 Ne5 15. Bb3 a5 16. Rd1 Qc7 17. Qf2 Ba6 18. Nfxe6 fxe6 19. Nxe6 Qe7 20. Bxe5 dxe5 21. Ng5 Qa7 22. Qd2 Qd4 23. Qxd4 exd4 24. Rxd4 Ke7 25. e5 Nd7 26. f4 Nc5 27. Bd5 Rhd8 28. Kf2 Rac8 29. Rhd1 Nxa4 30. Be4 Rxd4 31. Rxd4 Nxb2 32. Bxg6 Na4 33. Bf5 Nc5 34. Bxc8 Bxc8 35. Rc4 Ne6 36. Rxc8 Nxf4 37. Rc7+ Kf8 38. Rf7+ Kg8 39. Rxf4 Bxe5 40. Re4 Bc3 41. Ke2 a4 42. Re8+ Kg7 43. Ra8 a3 44. Kd3 Kg6 45. Ne4 Bb2 46. Ra4 Kf5 47. Nd2 Kg4 48. Nc4 Kxh4 49. Nxb2 axb2 50. Rxb4+ Kg3 51. Rxb2 Kxg2 52. Rb4 h4 53. Rxh4 1-0


[Site "https://www.chess.com"]

[Event "Titled Tuesday Blitz June 14 Late 2022"]
[White "Przybylski, Wojciech"]
[Black "Livaic, Leon"]
[WhiteFideId "1117599"]
[BlackFideId "14531534"]
[WhiteElo "2133"]
[BlackElo "2540"]
[Result "1-0"]
[Round "03"]
[TimeControl "180+1"]
[Date "2022.06.14"]
[WhiteClock "0:00:04"]
[BlackClock "0:00:02"]

1. d4 e6 2. e4 d5 3. Nc3 Bb4 4. a3 Bxc3+ 5. bxc3 dxe4 6. Qg4 Nf6 7. Qxg7 Rg8 8. Qh6 c5 9. Ne2 cxd4 10. cxd4 Nc6 11. Qe3 Bd7 12. c4 Rc8 13. Ng3 Qb6 14. c5 Qa5+ 15. Bd2 Qa4 16. Be2 Nxd4 17. Bd1 Qc4 18. Rc1 Qd3 19. Bc3 e5 20. Qxd3 exd3 21. Bxd4 exd4 22. Kd2 Bb5 23. Re1+ Kf8 24. Bf3 Rg5 25. Bxb7 Rcxc5 26. f4 Rxc1 27. Rxc1 Rg4 28. Rc8+ Ne8 29. f5 Rf4 30. Bf3 Ke7 31. Ra8 a6 32. Ra7+ Kf8 33. Bd5 Nd6 34. Bf3 Nxf5 35. Ra8+ Ke7 36. Ra7+ Kf8 37. Ra8+ Ke7 38. Ra7+ Ke6 39. Ne4 Ne3 40. Ng5+ Kf6 41. Ne4+ Kg7 42. Nd6 Nc4+ 43. Nxc4 Bxc4 44. Rc7 Bb5 45. Rc8 Rf6 46. Rd8 Rf4 47. h3 h5 48. Rd6 h4 49. Rd8 Kf6 50. Rh8 Ke7 51. Rb8 Kd6 52. Rd8+ Kc5 53. Rc8+ Kb6 54. Rb8+ Ka5 55. Rc8 Ka4 56. Rc1 Kxa3 57. Ra1+ Kb2 58. Re1 Rf6 59. Re5 Rb6 60. Rd5 a5 61. Rxd4 a4 62. Rb4+ Ka3 63. Kc3 d2 64. Rb1 Ka2 65. Rb2+ Ka1 66. Rxd2 a3 67. Bd5 1-0


[Site "https://www.chess.com"]

[Event "Titled Tuesday Blitz June 14 Late 2022"]
[White "Pulpan, Jakub"]
[Black "Malka, Samuel"]
[WhiteFideId "302759"]
[BlackFideId "20643675"]
[WhiteElo "2495"]
[BlackElo "2476"]
[Result "0-1"]
[Round "03"]
[TimeControl "180+1"]
[Date "2022.06.15"]
[WhiteClock "0:00:08"]
[BlackClock "0:00:07"]

1. c4 Nf6 2. g3 g6 3. Bg2 Bg7 4. d4 O-O 5. Nf3 d6 6. O-O Nc6 7. Nc3 e5 8. dxe5 dxe5 9. Bg5 h6 10. Bxf6 Qxf6 11. Qa4 Nd4 12. Nxd4 exd4 13. Nd5 Qd8 14. Nf4 c6 15. Rad1 Qb6 16. Nd3 Re8 17. Qc2 a5 18. Rfe1 Bf5 19. h3 Rad8 20. g4 Be4 21. Bxe4 Rxe4 22. b3 Rde8 23. Nc1 Qc7 24. Rd3 Qe5 25. Rg3 Qe6 26. Rg2 c5 27. Kf1 b6 28. Qd3 Kh7 29. Qf3 a4 30. Nd3 g5 31. Rg3 axb3 32. axb3 Ra8 33. e3 dxe3 34. Rxe3 Ra1+ 35. Kg2 Rxe3 36. Qxe3 Qxe3 37. Rxe3 Rb1 38. Kf3 Rxb3 39. Ne1 Rxe3+ 40. Kxe3 Bd4+ 41. Ke2 Kg6 42. f3 f5 43. Kd3 Kf6 44. Ke2 fxg4 45. fxg4 Ke5 46. Kf3 Bc3 47. Nc2 Bb4 48. Ke3 Bc3 49. Kd3 Bd4 50. Ke2 Bg1 51. Kf3 Bh2 52. Kg2 Bf4 53. Kf3 Bc1 54. Ke2 Ke4 55. Kd1 Bf4 56. Ke2 Be5 57. Ne3 Kd4 58. Nd5 Kxc4 59. Nxb6+ Kd4 60. Nd7 c4 61. Nf8 Bf4 62. Ne6+ Kc3 63. Kd1 Kb2 64. Nd4 c3 65. Nc2 Kb3 66. Ne1 Kc4 67. Kc2 Bd2 68. Nf3 Bf4 69. h4 Kd5 70. hxg5 hxg5 71. Kd3 c2 72. Kxc2 Ke4 73. Ne1 Ke3 74. Kd1 Kf2 75. Nd3+ Kg3 76. Ke2 Kxg4 77. Kf2 Kf5 78. Kg2 Bc7 79. Kf3 g4+ 80. Kg2 Bf4 81. Nf2 Kg5 82. Ne4+ Kf5 83. Nc5 Ke5 84. Nd3+ Kf5 85. Nb4 Bb8 86. Nc6 Bf4 87. Ne7+ Kg5 88. Nd5 Kf5 89. Nc3 Kg5 90. Kf2 Kf5 91. Ne2 Kg5 92. Nc3 Kf5 93. Nd1 Kg5 94. Ke2 Kf5 95. Nf2 Kg5 96. Kd3 Kf5 97. Kd4 g3 98. Nh3 g2 99. Kd3 Kg4 100. Ng1 Bh2 101. Ne2 Kf3 102. Nd4+ Kf2 103. Ne2 Bb8 104. Kd2 Ba7 105. Nf4 Be3+ 106. Kd3 Bxf4 0-1


[Site "https://www.chess.com"]

[Event "Titled Tuesday Blitz June 14 Late 2022"]
[White "Riehle, Marco"]
[Black "Xiong, Jeffery"]
[WhiteFideId "12904392"]
[BlackFideId "2047640"]
[WhiteElo "2462"]
[BlackElo "2714"]
[Result "0-1"]
[Round "03"]
[TimeControl "180+1"]
[Date "2022.06.14"]
[WhiteClock "0:00:59"]
[BlackClock "0:01:45"]

1. e4 e6 2. c4 c5 3. Nf3 Nc6 4. Be2 Nf6 5. Nc3 Qb6 6. O-O Be7 7. d3 O-O 8. h3 Rd8 9. e5 Ne8 10. Ne4 d6 11. exd6 Nxd6 12. Nxd6 Bxd6 13. Nd2 Bd7 14. Ne4 Nd4 15. Bg5 Re8 16. b3 Be5 17. Rb1 Bc6 18. f4 Bc7 19. Bh5 Bd8 20. Nd6 Rf8 21. Bxf7+ Rxf7 22. Nxf7 Kxf7 23. Qh5+ Kg8 24. Rbe1 Qc7 25. f5 Bxg5 26. Qxg5 h6 27. Qh4 exf5 28. Re7 Qd6 29. Rfe1 Qg6 30. Qf2 Nf3+ 31. Kh1 Nxe1 32. Rxe1 Re8 33. Rxe8+ Qxe8 34. Qxc5 Qe2 35. Qg1 Qxd3 36. Kh2 Qd6+ 37. Kh1 Qg3 38. Qf1 Qxh3+ 39. Kg1 Qe3+ 40. Kh1 f4 0-1


[Site "https://www.chess.com"]

[Event "Titled Tuesday Blitz June 14 Late 2022"]
[White "Rosen, Eric"]
[Black "Lucas, Arthur"]
[WhiteFideId "2032562"]
[BlackFideId "26093073"]
[WhiteElo "2362"]
[BlackElo "2129"]
[Result "1-0"]
[Round "03"]
[TimeControl "180+1"]
[Date "2022.06.15"]
[WhiteClock "0:00:05"]
[BlackClock "0:00:04"]

1. d4 Nf6 2. Bf4 d5 3. e3 e6 4. Nf3 c5 5. Nbd2 Bd6 6. Bb5+ Nc6 7. O-O O-O 8. Bxd6 Qxd6 9. dxc5 Qxc5 10. c4 dxc4 11. Bxc4 b5 12. Bd3 Bb7 13. Rc1 Qb6 14. Qe2 a6 15. Rfd1 Rfd8 16. Nf1 Rac8 17. Ng3 h6 18. Bb1 Rxd1+ 19. Rxd1 Rd8 20. Rc1 Ne7 21. Nd4 Nc6 22. Nb3 Ne5 23. Nh5 Nxh5 24. Qxh5 Nc4 25. Qe2 Qc6 26. f3 Qb6 27. Re1 a5 28. Bd3 Nxb2 29. Qxb2 Rxd3 30. Nd4 b4 31. h4 Bd5 32. Qf2 a4 33. Rb1 b3 34. axb3 axb3 35. Qe2 Rc3 36. Kh2 Qc7+ 37. Kh3 Qc4 38. Qxc4 Bxc4 39. e4 e5 40. Nf5 Bd3 41. Rb2 Bc2 42. Kg3 Kh7 43. Kf2 Rd3 44. Ne3 Rd2+ 45. Ke1 Rd6 46. Nxc2 bxc2 47. Rxc2 Kg6 48. Kf2 Kh5 49. Kg3 Rg6+ 50. Kh3 Rf6 51. Rc5 Re6 52. f4 f6 53. g4+ Kg6 54. f5+ Kf7 55. fxe6+ Kxe6 56. Rc7 1-0


[Site "https://www.chess.com"]

[Event "Titled Tuesday Blitz June 14 Late 2022"]
[White "Salem, A.R. Saleh"]
[Black "Sohal, Tanraj"]
[WhiteFideId "9301348"]
[BlackFideId "2608499"]
[WhiteElo "2679"]
[BlackElo "2200"]
[Result "1-0"]
[Round "03"]
[TimeControl "180+1"]
[Date "2022.06.14"]
[WhiteClock "0:01:36"]
[BlackClock "0:00:16"]

1. d4 Nf6 2. c4 e6 3. Nc3 Bb4 4. a3 Bxc3+ 5. bxc3 O-O 6. f3 d5 7. cxd5 exd5 8. e3 c5 9. Ne2 Nc6 10. Ng3 Qa5 11. Bd2 cxd4 12. cxd4 Qd8 13. Bd3 a6 14. Rc1 Na5 15. O-O b5 16. Rc5 Nc4 17. Bc1 Re8 18. Re1 Bb7 19. Bb1 Rc8 20. Rxc8 Qxc8 21. e4 dxe4 22. fxe4 Qg4 23. Qd3 g6 24. Qf3 Qe6 25. Rf1 Nxe4 26. Nxe4 Bxe4 27. Bxe4 Qxe4 28. Qxf7+ Kh8 29. Bh6 Qxd4+ 30. Kh1 Rg8 31. Qxg8+ Kxg8 32. Rf8# 1-0


[Site "https://www.chess.com"]